 Dungeon Crawl Stone Soup version 0.26.1-11-gd32895ea62 (webtiles) character file.

Game seed: 8338030849174126146

262356 mahan the Hoplite (level 19, -1/177 HPs)
             Began as a Hill Orc Fighter on June 1, 2021.
             Was an Elder of Okawaru.
             Slain by an acid blob (9 damage)
             ... on level 3 of the Pits of Slime on June 5, 2021.
             The game lasted 02:10:22 (50112 turns).

mahan the Hoplite (Hill Orc Fighter)               Turns: 50112, Time: 02:10:22

Health: -1/177     AC: 25    Str: 33    XL:     19   Next: 99%
Magic:  27/27      EV:  9    Int:  8    God:    Okawaru [****..]
Gold:   2256       SH:  0    Dex: 10    Spells: 18/18 levels left

rFire    + . .     SeeInvis +   F - +12 flail of Success {freeze, Stlth+}
rCold    . . .     Faith    .   j - +0 tower shield
rNeg     . . .     Spirit   .   K - +3 crystal plate armour
rPois    +         Reflect  +   L - +2 helmet {SInv}
rElec    .         Harm     .   s - +1 cloak {Stlth+}
rCorr    .         Rampage  .   I - +1 pair of gloves
Will     .....     Rnd*Tele +   P - +1 pair of boots {Fly}
Stlth    ..........             p - amulet of reflection
HPRegen  0.39/turn              A - +6 ring of strength
MPRegen  0.20/turn              Y - ring of Xitakiyn {rPois rF+ Will- Stlth+}

@: confused, corroded, flying, studying Crossbows, invisible
A: repulsion field 1, teleportitis 1
}: 2/15 runes: serpentine, barnacled
a: Stop Flying, Renounce Religion, Heroism


You were on level 3 of the Pits of Slime.
You worshipped Okawaru.
Okawaru was greatly pleased with you.
You visited 7 branches of the dungeon, and saw 35 of its levels.
You also visited: Sewer.

You collected 3062 gold pieces.
You spent 806 gold pieces at shops.

Inventory:

Hand Weapons
 c - the +6 war axe of Generosity {freeze, rPois rF++}
   (You bought it in a shop on level 2 of the Shoals)

   It has been specially enchanted to freeze those struck by it, causing extra
   injury to most foes and up to half again as much damage against particularly
   susceptible opponents.
   It can also slow down cold-blooded creatures.
   It greatly protects you from fire.
   It protects you from poison.
 F - the +12 flail of Success (weapon) {freeze, Stlth+}
   (You found it on level 6 of the Dungeon)

   It has been specially enchanted to freeze those struck by it, causing extra
   injury to most foes and up to half again as much damage against particularly
   susceptible opponents.
   It can also slow down cold-blooded creatures.
   It makes you more stealthy.
Armour
 j - a +0 tower shield (worn)
 o - a +3 plate armour of fire resistance
 s - a +1 cloak of stealth (worn)
 I - a +1 pair of gloves (worn)
 K - a +3 crystal plate armour (worn)
 L - a +2 helmet of see invisible (worn)
 P - a +1 pair of boots of flying (worn)
Jewellery
 b - an uncursed ring of ice
 e - the ring "Ivvett" {+Inv rElec rC+}
   (You acquired it on level 11 of the Dungeon)

   [ring of protection from cold]

   It protects you from cold.
   It insulates you from electricity.
   It lets you turn invisible.
 p - an amulet of reflection (around neck)
 w - an uncursed ring of resist corrosion
 A - a +6 ring of strength (left hand)
 N - an uncursed amulet of regeneration
 S - an uncursed amulet of guardian spirit
 T - the ring "Utuopoqo" {+Fly rElec Dex+4 SInv Stlth-}
   (You found it on level 6 of the Lair of Beasts)

   [ring of flight]

   It affects your dexterity (+4).
   It insulates you from electricity.
   It lets you see invisible.
   It lets you fly.
   It makes you less stealthy.
 Y - the ring of Xitakiyn (right hand) {rPois rF+ Will- Stlth+}
   (You found it on level 2 of the Lair of Beasts)

   [ring of protection from fire]

   It protects you from fire.
   It protects you from poison.
   It affects your willpower, your defense against some magical effects.
   It makes you more stealthy.
 Z - an uncursed ring of fire
Wands
 x - a wand of disintegration (21)
 G - a wand of polymorph (11)
 H - a wand of paralysis (22)
 J - a wand of acid (19)
 R - a wand of enslavement (17)
 W - a wand of flame (50)
Scrolls
 a - 7 scrolls of fear
 f - 3 scrolls of immolation
 i - 2 scrolls of fog
 k - 8 scrolls of amnesia
 l - 9 scrolls of enchant weapon
 m - 24 scrolls of remove curse
 u - 2 scrolls of identify
 v - 9 scrolls of teleportation
 C - 7 scrolls of magic mapping
 D - 4 scrolls of vulnerability
 U - a scroll of summoning
 X - a scroll of blinking
Potions
 d - 11 potions of might
 g - 4 potions of lignification
 n - 14 potions of curing
 r - 6 potions of magic
 z - 2 potions of ambrosia
 B - 2 potions of berserk rage
 E - 7 potions of haste
 M - 4 potions of brilliance
 O - 2 potions of heal wounds
 Q - a potion of resistance
Books
 y - a manual of Crossbows


   Skills:
 + Level 17.3 Fighting
 + Level 10.1(16.6) Axes
 + Level 17.9(18.4) Maces & Flails
 + Level 14.5 Armour
 + Level 2.3 Dodging
 + Level 1.6 Stealth
 + Level 21.4 Shields
 + Level 11.6 Invocations


You had 18 spell levels left.
You didn't know any spells.
Your spell library contained the following spells:

 Spells                   Type           Power        Failure   Level
 Animate Skeleton         Necr           0%           100%        1
 Apportation              Tloc           0%           100%        1
 Beastly Appendage        Tmut           0%           100%        1
 Corona                   Hex            0%           100%        1
 Magic Dart               Conj           0%           100%        1
 Pain                     Necr           0%           100%        1
 Sandblast                Erth           0%           100%        1
 Shock                    Conj/Air       0%           100%        1
 Sting                    Tmut/Pois      0%           100%        1
 Summon Small Mammal      Summ           0%           100%        1
 Blink                    Tloc           N/A          100%        2
 Ensorcelled Hibernation  Hex/Ice        0%           100%        2
 Passwall                 Tmut/Erth      0%           100%        2
 Poisonous Vapours        Pois/Air       0%           100%        2
 Searing Ray              Conj           0%           100%        2
 Swiftness                Air            0%           100%        2
 Wereblood                Tmut           0%           100%        2
 Confusing Touch          Hex            0%           100%        3
 Dazzling Flash           Conj/Hex       0%           100%        3
 Gell's Gravitas          Tloc           0%           100%        3
 Ignite Poison            Fire/Tmut/Pois 0%           100%        3
 Lesser Beckoning         Tloc           0%           100%        3
 Mephitic Cloud           Conj/Pois/Air  0%           100%        3
 Spider Form              Tmut/Pois      0%           100%        3
 Static Discharge         Conj/Air       0%           100%        3
 Stone Arrow              Conj/Erth      0%           100%        3
 Teleport Other           Tloc           0%           100%        3
 Tukima's Dance           Hex            0%           100%        3
 Vampiric Draining        Necr           0%           100%        3
 Airstrike                Air            0%           100%        4
 Animate Dead             Necr           0%           100%        4
 Fulminant Prism          Conj/Hex       0%           100%        4
 Ice Form                 Ice/Tmut       0%           100%        4
 Iskenderun's Mystic Bla  Conj/Tloc      0%           100%        4
 Olgreb's Toxic Radiance  Pois           0%           100%        4
 Passage of Golubria      Tloc           N/A          100%        4
 Petrify                  Tmut/Erth      0%           100%        4
 Agony                    Necr           0%           100%        5
 Blade Hands              Tmut           0%           100%        5
 Borgnjor's Vile Clutch   Necr/Erth      0%           100%        5
 Lee's Rapid Deconstruct  Erth           0%           100%        5
 Lightning Bolt           Conj/Air       0%           100%        5
 Metabolic Englaciation   Hex/Ice        0%           100%        5
 Yara's Violent Unravell  Hex/Tmut       0%           100%        5
 Death Channel            Necr           0%           100%        6
 Freezing Cloud           Conj/Ice/Air   0%           100%        6
 Ozocubu's Refrigeration  Ice            0%           100%        6
 Simulacrum               Ice/Necr       0%           100%        6
 Malign Gateway           Summ/Tloc      0%           100%        7
 Discord                  Hex            0%           100%        8


Dungeon Overview and Level Annotations

Branches:
Dungeon (15/15)            Temple (1/1) D:4            Lair (6/6) D:10
 Shoals (4/4) Lair:3        Snake (4/4) Lair:3        Slime (3/5) Lair:6
    Orc (2/2) D:12            Elf (0/3) Orc:2        Depths (0/5) D:15
  Sewer (visited)
 Vaults: D:13-14

Altars:
Ashenzari
Cheibriados
Dithmenos
Elyvilon
Fedhas
Gozag
Hepliaklqana
Kikubaaqudgha
Makhleb
Nemelex Xobeh
Okawaru
Qazlal
Ru
Sif Muna
Trog
Uskayaw
Vehumet
Wu Jian
Xom
Yredelemnul
The Shining One
Beogh
Jiyva

Shops:
D:11 (   D:15 ?   Shoals:2 (   Shoals:4 (   Snake:1 [(=[   Snake:2 [?}*
Snake:3 (

Portals:
Trove: D:11 (give 7 potions of haste)


Innate Abilities, Weirdness & Mutations

You are surrounded by a mild repulsion field. (EV +2)
You are occasionally teleported next to monsters.


Message History

The golden eye blinks at you.
You easily resist.
The slime creature hits you but does no damage.
The acid blob hits you but does no damage.
The acid blob hits you!!
* * * LOW HITPOINT WARNING * * *
You are splashed with acid.
* * * LOW HITPOINT WARNING * * *
You bludgeon the slime creature!! You freeze the slime creature.
The slime creature is heavily wounded.
The acid blob hits you.
* * * LOW HITPOINT WARNING * * *
You are splashed with acid!
* * * LOW HITPOINT WARNING * * *
The slime creature hits you but does no damage. x2
The acid blob hits you but does no damage.
You fade into invisibility!
A golden eye comes into view.
The acid blob barely misses you. The acid blob hits you!
You die...

............#
.G..........##
............##.
..ยง#...........
##..........#.
#..G.........#
##..GG........
#...JJJ>......
##..@J......#.
#....J....#..#
##............
##.....#..#..#
#..........###
##..<.........
##............
#.....<.......
#...............


You could see 2 acid blobs, 3 slime creatures, a shining eye and 3 golden eyes.

Vanquished Creatures
  Bai Suzhen (Snake:4)
  Vashnia (Snake:3)
  Nikola (Snake:3)
  Jorgrun (D:12)
  Rupert (Snake:1)
  Asterion (Snake:2)
  A kraken (Shoals:2)
  Donald (Shoals:4)
  9 nagarajas
  Roxanne (Shoals:4)
  An azure jelly (Slime:3)
  Ilsuiw (Shoals:3)
  Aizul (Snake:3)
  A frost giant (Shoals:4)
  Louise (Shoals:1)
  A stone giant (Orc:1)
  2 merfolk javelineers
  A death ooze (Lair:1)
  9 merfolk impalers
  A yaktaur captain (D:15)
  2 ogre magi (D:15)
  Erolcha (D:9)
  18 naga warriors
  9 hydras
  4 boulder beetles
  The ghost of Huxoxzufuz the Blocker, a journeyman GnFi of Hepliaklqana (Lair:2)
  4 centaur warriors
  2 catoblepae
  4 satyrs
  2 merfolk avatars
  8 merfolk aquamancers
  12 anacondas
  The ghost of mahan the Cleaver, a novice HOFi of Okawaru (Lair:1)
  11 two-headed ogres
  11 shock serpents
  2 tengu warriors (D:15)
  22 naga sharpshooters
  A fire crab (D:15)
  The ghost of mahan the Cleaver, a novice HOBe of Trog (D:8)
  26 sea snakes
  An unseen horror (D:15)
  2 salamander mystics (Snake:4)
  4 lindwurms (Lair:3)
  A deep elf archer (D:15)
  10 harpies
  2 orc knights
  6 naga ritualists
  9 mana vipers
  A wolf spider zombie (D:14)
  17 ugly things
  A deep elf mage (D:12)
  17 manticores
  2 oklob plants (Snake:3)
  7 cyclopes
  8 fauns
  A shining eye (Slime:3)
  7 salamanders
  A guardian serpent (shapeshifter) (D:14)
  12 merfolk sirens
  2 moths of wrath (Lair:2)
  7 guardian serpents
  21 elephants
  41 black mambas
  2 molten gargoyles (Lair:4)
  6 water nymphs
  Joseph (D:10)
  13 cane toads
  13 naga magi
  A kobold demonologist (D:9)
  5 rime drakes
  11 komodo dragons
  A meliai (shapeshifter) (D:13)
  2 tengu conjurers (D:15)
  A troll (shapeshifter) (D:15)
  5 trolls
  27 slime creatures
  6 hornets
  A polar bear (shapeshifter) (D:15)
  9 wind drakes
  7 polar bears
  33 merfolk
  7 snapping turtles
  16 blink frogs
  11 dream sheep
  Sigmund (D:3)
  2 wraiths
  2 shadows
  A vampire (D:9)
  12 water elementals
  45 yaks
  Grum (D:8)
  3 basilisks
  7 wyverns
  A warg (D:15)
  65 nagas
  2 acid dragons
  Edmund (D:6)
  14 water moccasins
  Duvessa (D:5)
  26 orc warriors
  A hornet zombie (D:10)
  A swamp drake (D:12)
  3 ice beasts
  6 phantoms
  8 sky beasts
  6 black bears
  4 necrophages
  18 ogres
  23 wolves
  12 centaurs
  Blork the orc (D:6)
  2 big kobolds
  27 bullfrogs
  2 wyvern zombies
  A wyvern skeleton (D:12)
  7 scorpions
  A water moccasin skeleton (D:8)
  Dowan (D:5)
  5 killer bees (D:11)
  13 wights
  5 howler monkeys
  5 electric eels (D:13)
  A centaur zombie (D:5)
  6 lava snakes
  3 quasits
  3 hounds
  5 jellies
  14 orc priests
  Crazy Yiuf (D:2)
  A bullfrog zombie (D:7)
  24 orc wizards
  Jessica (D:2)
  6 bullfrog skeletons
  23 worker ants
  Natasha (thrice) (D:2)
  4 iguanas
  2 hound skeletons
  2 mummies (D:7)
  Robin (D:4)
  A howler monkey skeleton (D:8)
  8 gnolls
  2 worker ant zombies (D:7)
  15 adders
  4 white imps
  2 ufetubi
  2 adder skeletons
  3 worms
  8 leopard geckos
  98 orcs
  5 ball pythons
  8 giant cockroaches
  11 goblins
  9 hobgoblins
  17 jackals
  24 kobolds
  7 quokkas
  7 bats
  9 frilled lizards
  A jackal zombie (D:6)
  A leopard gecko skeleton (D:5)
  A quokka zombie (D:7)
  5 rats
  A tentacle (Shoals:2)
1222 creatures vanquished.

Vanquished Creatures (others)
  A merfolk aquamancer (Shoals:4)
  A black mamba (Snake:3)
  A naga mage (Snake:3)
  A human (D:14)
  3 kobolds
  2 bushes (Lair:6)
  30 fungi
  126 plants
  5 tentacles (Shoals:2)
  A withered plant (D:7)
171 creatures vanquished.

Grand Total: 1393 creatures vanquished

Notes
Turn   | Place    | Note
-------+----------+-------------------------------------------
     0 | D:1      | mahan the Hill Orc Fighter began the quest for the Orb.
     0 | D:1      | Reached XP level 1. HP: 19/19 MP: 1/1
   581 | D:1      | Reached XP level 2. HP: 27/27 MP: 2/2
   637 | D:2      | Noticed Natasha
   643 | D:2      | Noticed a crimson imp
   644 | D:2      | Noticed a crimson imp
   650 | D:2      | Noticed Jessica
   652 | D:2      | Killed Natasha
   653 | D:2      | Reached XP level 3. HP: 8/33 MP: 3/3
   653 | D:2      | Killed Jessica
   654 | D:2      | Reached XP level 4. HP: 11/40 MP: 4/4
   906 | D:2      | Noticed Natasha
  1018 | D:2      | Killed Natasha
  1019 | D:2      | Reached skill level 4 in Shields
  1269 | D:2      | Noticed Natasha
  1279 | D:2      | Killed Natasha
  1280 | D:2      | Reached XP level 5. HP: 35/47 MP: 5/5
  1475 | D:2      | Found a runed translucent door.
  1476 | D:2      | Noticed Crazy Yiuf
  1518 | D:2      | Found a sacrificial altar of Ru.
  1518 | D:2      | Found an ancient bone altar of Kikubaaqudgha.
  1957 | D:2      | Killed Crazy Yiuf
  1992 | D:3      | Found a blossoming altar of Fedhas.
  2019 | D:2      | Reached skill level 5 in Shields
  2466 | D:2      | Reached XP level 6. HP: 35/53 MP: 6/6
  2719 | D:3      | Reached skill level 5 in Axes
  2755 | D:3      | Found a snail-covered altar of Cheibriados.
  2983 | D:3      | Reached skill level 1 in Dodging
  3100 | D:3      | Noticed Sigmund
  3110 | D:3      | Killed Sigmund
  3111 | D:3      | Reached XP level 7. HP: 60/60 MP: 7/7
  3417 | D:4      | Found a staircase to the Ecumenical Temple.
  3434 | Temple   | Entered the Ecumenical Temple
  3520 | D:4      | Reached skill level 6 in Shields
  3567 | D:4      | Reached skill level 5 in Fighting
  3825 | D:4      | Noticed Robin
  3841 | D:4      | Killed Robin
  4193 | D:4      | Reached XP level 8. HP: 61/68 MP: 8/8
  4243 | D:4      | Reached skill level 5 in Armour
  4915 | D:5      | Entered Level 5 of the Dungeon
  5059 | D:5      | Reached skill level 7 in Shields
  5784 | D:5      | Noticed Dowan
  5784 | D:5      | Noticed Duvessa
  5793 | D:5      | Killed Dowan
  5802 | D:5      | Killed Duvessa
  6130 | D:5      | Reached XP level 9. HP: 78/78 MP: 9/9
  6207 | D:5      | Gained mutation: You are surrounded by a mild repulsion
                  | field. (EV +2) [potion of mutation]
  6207 | D:5      | Gained mutation: You are partially covered in yellow
                  | scales. (AC +2) [potion of mutation]
  7204 | D:6      | Found a glowing drain.
  7209 | Sewer    | Entered a sewer
  7879 | D:6      | Got a transparent flail
  7880 | D:6      | Identified the +12 flail of Success {freeze, Stlth+} (You
                  | found it on level 6 of the Dungeon)
  8026 | D:6      | Noticed Edmund
  8038 | D:6      | Killed Edmund
  8046 | D:6      | Noticed Blork the orc
  8051 | D:6      | Reached skill level 10 in Axes
  8051 | D:6      | Reached skill level 8 in Shields
  8056 | D:6      | Killed Blork the orc
  8074 | D:6      | Reached skill level 1 in Maces & Flails
  8211 | D:6      | Found an ornate altar of the Wu Jian Council.
  8528 | D:7      | Found a shimmering altar of Xom.
  8644 | D:7      | Reached XP level 10. HP: 88/88 MP: 10/10
  8658 | D:7      | Reached skill level 9 in Shields
  8833 | D:7      | Found a glowing golden altar of the Shining One.
  9436 | D:8      | Found a shadowy altar of Dithmenos.
  9436 | D:8      | Found an iron altar of Okawaru.
  9437 | D:8      | Found a hide-covered altar of Uskayaw.
  9438 | D:8      | Found a radiant altar of Vehumet.
  9453 | D:8      | Became a worshipper of Warmaster Okawaru
  9486 | D:8      | Reached skill level 5 in Maces & Flails
  9677 | D:8      | Identified 4 scrolls of acquirement
  9677 | D:8      | Acquired a +0 crystal plate armour
  9740 | D:8      | Acquired 372 gold pieces
  9744 | D:8      | Acquired a +0 helmet of intelligence
  9781 | D:8      | Noticed Grum
  9788 | D:8      | Reached skill level 10 in Shields
  9793 | D:8      | Killed Grum
  9793 | D:8      | Reached * piety under Okawaru
  9969 | D:8      | Found a runed translucent door.
  9970 | D:8      | Noticed mahan's ghost (novice HOBe)
  9992 | D:8      | Killed mahan's ghost
 10624 | D:9      | Found a flagged portal.
 10644 | D:9      | Noticed Erolcha
 10654 | D:9      | Killed Erolcha
 10654 | D:9      | Reached ** piety under Okawaru
 10655 | D:9      | Reached XP level 11. HP: 55/97 MP: 8/11
 10823 | D:9      | You fall into a shaft and drop 2 floors!
 10839 | D:11     | Noticed a red ugly thing
 10852 | D:11     | Killed a red ugly thing
 11100 | D:11     | Noticed a four-headed hydra
 11108 | D:11     | Killed a four-headed hydra
 11108 | D:11     | Reached *** piety under Okawaru
 11225 | D:11     | Reached **** piety under Okawaru
 11389 | D:11     | Acquired the ring "Ivvett" {+Inv rElec rC+}
 11473 | D:11     | Found Viniuran's Antique Weapon Shop.
 11619 | D:11     | Reached skill level 11 in Shields
 11640 | D:11     | Noticed a boulder beetle
 11657 | D:11     | Killed a boulder beetle
 11747 | D:11     | Noticed a purple ugly thing
 11756 | D:11     | Killed a purple ugly thing
 11908 | D:11     | Found a portal to a secret trove of treasure.
 12174 | D:10     | Entered Level 10 of the Dungeon
 12294 | D:10     | Reached ***** piety under Okawaru
 12401 | D:10     | Noticed Joseph
 12407 | D:10     | Killed Joseph
 12475 | D:10     | Noticed a cyclops
 12476 | D:10     | Noticed a two-headed ogre
 12547 | D:10     | Noticed a boulder beetle
 12659 | D:10     | Found a staircase to the Lair.
 12825 | D:10     | Received a gift from Okawaru
 12826 | D:10     | Reached skill level 10 in Maces & Flails
 12872 | D:10     | Noticed a two-headed ogre
 12883 | D:10     | Killed a two-headed ogre
 12884 | D:10     | Reached skill level 10 in Fighting
 12884 | D:10     | Reached XP level 12. HP: 84/106 MP: 12/12
 13404 | D:9      | Noticed a two-headed ogre
 13416 | D:9      | Killed a two-headed ogre
 14079 | D:9      | Got an encrusted battleaxe
 14081 | D:9      | Identified the cursed +1 battleaxe of Departure {vorpal,
                  | rC- Int+4 Dex+5} (You found it on level 9 of the Dungeon)
 14505 | D:12     | Noticed a two-headed ogre
 14508 | D:12     | Reached skill level 1 in Invocations
 14521 | D:12     | Killed a two-headed ogre
 14542 | D:12     | Reached skill level 12 in Shields
 14936 | D:12     | Noticed Jorgrun
 14944 | D:12     | Killed Jorgrun
 15232 | D:12     | Noticed a boulder beetle
 15242 | D:12     | Killed a boulder beetle
 15406 | D:12     | Reached XP level 13. HP: 115/116 MP: 12/15
 15507 | D:12     | Found a staircase to the Orcish Mines.
 15551 | D:12     | Received a gift from Okawaru
 15758 | D:12     | Got a scorched ring mail {god gift}
 17291 | D:13     | Reached skill level 13 in Shields
 18194 | D:14     | Received a gift from Okawaru
 18276 | D:14     | You are sucked into a shaft and drop 1 floor!
 18276 | D:15     | Entered Level 15 of the Dungeon
 18284 | D:15     | Noticed an ogre mage
 18308 | D:15     | Reached XP level 14. HP: 109/126 MP: 11/16
 18326 | D:15     | Paralysed by an ogre mage for 2 turns
 18341 | D:15     | Reached skill level 14 in Shields
 19194 | D:15     | Found Hirausoj's Magic Scroll Emporium.
 19238 | D:15     | Reached skill level 10 in Armour
 19248 | D:15     | Received a gift from Okawaru
 19324 | D:15     | Bought a scroll of remove curse for 36 gold pieces
 19324 | D:15     | Bought a scroll of identify for 24 gold pieces
 19324 | D:15     | Bought a scroll of identify for 24 gold pieces
 19324 | D:15     | Bought a scroll of teleportation for 36 gold pieces
 19399 | D:15     | Reached skill level 5 in Invocations
 19484 | D:15     | Found a staircase to the Depths.
 19521 | D:15     | Reached skill level 1 in Stealth
 19893 | Lair:1   | Entered Level 1 of the Lair of Beasts
 20055 | Lair:1   | Found a runed translucent gate.
 20055 | Lair:1   | Found a runed translucent gate.
 20056 | Lair:1   | Found a runed translucent gate.
 20057 | Lair:1   | Noticed mahan's ghost (novice HOFi)
 20064 | Lair:1   | Found a viscous altar of Jiyva.
 20108 | Lair:1   | Killed mahan's ghost
 20527 | Lair:1   | Reached skill level 15 in Maces & Flails
 20587 | Lair:1   | Reached XP level 15. HP: 134/136 MP: 19/19
 20866 | Lair:1   | Reached skill level 15 in Shields
 21034 | Lair:2   | Noticed Huxoxzufuz's ghost (journeyman GnFi)
 21036 | Lair:2   | Found a transporter.
 21043 | Lair:2   | Found a transporter.
 21091 | Lair:2   | Killed Huxoxzufuz's ghost
 21099 | Lair:2   | Got a faintly glowing steel ring
 21503 | Lair:2   | Reached ****** piety under Okawaru
 21912 | Lair:3   | Found a staircase to the Shoals.
 22582 | Lair:3   | Found a stormy altar of Qazlal.
 22980 | Lair:3   | Received a gift from Okawaru
 23230 | Lair:3   | Found a staircase to the Snake Pit.
 24364 | Lair:4   | Reached skill level 16 in Shields
 26058 | Lair:6   | Entered Level 6 of the Lair of Beasts
 26275 | Lair:6   | Reached XP level 16. HP: 146/146 MP: 20/20
 26517 | Lair:6   | Received a gift from Okawaru
 26699 | Lair:6   | Reached skill level 17 in Shields
 26876 | Lair:6   | Got a crude wooden ring
 26878 | Lair:6   | Identified the Guide on the Enthralling Traveller
 27216 | Lair:6   | Found a staircase to the Slime Pits.
 27862 | Orc:1    | Entered Level 1 of the Orcish Mines
 27886 | Orc:1    | Found a frozen archway.
 28298 | Orc:1    | Found a roughly hewn altar of Beogh.
 28564 | Orc:2    | Entered Level 2 of the Orcish Mines
 28751 | Orc:2    | Found a staircase to the Elven Halls.
 29008 | Snake:1  | Entered Level 1 of the Snake Pit
 29264 | Shoals:1 | Entered Level 1 of the Shoals
 29264 | Shoals:1 | Noticed Louise
 29276 | Shoals:1 | Killed Louise
 29276 | Shoals:1 | Received a gift from Okawaru
 30205 | Snake:1  | Found a shimmering blue altar of Sif Muna.
 30282 | Snake:1  | Found Dady's Jewellery Boutique.
 30282 | Snake:1  | Found Retex's Antique Weapon Boutique.
 30284 | Snake:1  | Found Cism's Antique Weapon Boutique.
 30288 | Snake:1  | Found Ciaxy's Antique Armour Boutique.
 30316 | Snake:1  | Bought a pair of runed gloves for 180 gold pieces
 30441 | Snake:1  | Found Rom Ican's Antique Armour Emporium.
 31124 | Snake:1  | Noticed Rupert
 31145 | Snake:1  | Killed Rupert
 31146 | Snake:1  | Reached skill level 15 in Fighting
 31885 | Snake:2  | Reached XP level 17. HP: 155/156 MP: 15/22
 32081 | Snake:2  | Found Faen's Gadget Emporium.
 32102 | Snake:2  | Found Enuuf's Assorted Antiques.
 32249 | Snake:2  | Bought a scroll labelled LEVYTZ YGEYSE for 31 gold pieces
 32249 | Snake:2  | Bought a scroll of identify for 62 gold pieces
 32249 | Snake:2  | Bought a scroll of identify for 62 gold pieces
 32255 | Snake:2  | Noticed Asterion
 32748 | Snake:2  | Reached skill level 18 in Shields
 32799 | Snake:2  | Killed Asterion
 33400 | Snake:2  | Found a hide-covered altar of Uskayaw.
 33402 | Snake:2  | Found Yrghytze's Magic Scroll Boutique.
 33411 | Snake:2  | Bought a scroll of teleportation for 48 gold pieces
 33411 | Snake:2  | Bought a scroll of teleportation for 48 gold pieces
 33833 | Snake:2  | Found Erefifru's Antique Armour Shop.
 34486 | Snake:3  | Found Ablavief's Weapon Shop.
 34800 | Snake:3  | Noticed Vashnia
 34805 | Snake:3  | Noticed Nikola
 34833 | Snake:3  | Killed Vashnia
 34837 | Snake:3  | Killed Nikola
 34848 | Snake:3  | Noticed Aizul
 34864 | Snake:3  | Killed Aizul
 35636 | Snake:3  | Identified the ring of Xitakiyn {rPois rF+ Will- Stlth+}
                  | (You found it on level 2 of the Lair of Beasts)
 37216 | Snake:4  | Entered Level 4 of the Snake Pit
 37216 | Snake:4  | Found a shimmering blue altar of Sif Muna.
 37979 | Snake:4  | Reached XP level 18. HP: 156/166 MP: 25/25
 37992 | Snake:4  | Reached skill level 19 in Shields
 38263 | Snake:4  | Reached skill level 10 in Invocations
 38492 | Snake:4  | Received a gift from Okawaru
 39202 | Snake:4  | Noticed Bai Suzhen
 39519 | Snake:4  | Killed Bai Suzhen
 40750 | Snake:4  | Reached skill level 20 in Shields
 41062 | Snake:4  | Got a serpentine rune of Zot
 41567 | Shoals:1 | Identified the ring "Utuopoqo" {+Fly rElec Dex+4 SInv
                  | Stlth-} (You found it on level 6 of the Lair of Beasts)
 42114 | Shoals:1 | Reached XP level 19. HP: 169/174 MP: 27/27
 42834 | Shoals:2 | Found Tehubic's Antique Weapon Shop.
 42851 | Shoals:2 | Bought an ichor-stained war axe for 255 gold pieces
 42851 | Shoals:2 | Identified the +6 war axe of Generosity {freeze, rPois
                  | rF++} (You bought it in a shop on level 2 of the Shoals)
 43491 | Shoals:2 | You are sucked into a shaft and drop 1 floor!
 43821 | Shoals:3 | Noticed Ilsuiw
 44897 | Shoals:3 | Killed Ilsuiw
 45772 | Shoals:4 | Entered Level 4 of the Shoals
 45772 | Shoals:4 | Found Roegyrr's Weapon Emporium.
 45832 | Shoals:4 | Reached skill level 21 in Shields
 45872 | Shoals:4 | Identified Roxanne's Volume of Transmutation
 45872 | Shoals:4 | Noticed Roxanne
 46073 | Shoals:4 | Killed Roxanne
 46323 | Shoals:4 | Noticed Donald
 46343 | Shoals:4 | Killed Donald
 47077 | Shoals:4 | Got a barnacled rune of Zot
 48447 | Slime:1  | Entered Level 1 of the Pits of Slime
 48455 | Slime:1  | You are sucked into a shaft and drop 1 floor!
 49764 | Slime:3  | Lost mutation: You are partially covered in yellow scales.
                  | (AC +2) [a shining eye]
 49767 | Slime:3  | Gained mutation: Your spells are a little easier to cast,
                  | but a little less powerful. [a shining eye]
 49776 | Slime:3  | Gained mutation: You are occasionally teleported next to
                  | monsters. [a shining eye]
 50106 | Slime:3  | Lost mutation: Your spells are a little easier to cast, but
                  | a little less powerful. [a shining eye]
 50111 | Slime:3  | HP: 8/177 [acid (9)]
 50112 | Slime:3  | Slain by an acid blob

Illustrated notes

Levels and vault maps discovered:
D:1:      psy_arrival_dodecagon, layout_rooms
D:2:      layout_loops_ring, gammafunk_temple_overflow_elements,
          minmay_fountain_box, minmay_tripent, uniq_jessica, uniq_natasha,
          uniq_crazy_yiuf_cottage
D:3:      layout_rooms, cheibriados_altar_1, lemuel_crystal_altar,
          grunt_decor_cap, uniq_sigmund
D:4:      layout_cave_pods, minmay_temple_entry_sparse_star, minmay_pentangle,
          uniq_robin
D:5:      layout_cave_pods, zin_angel, minmay_manual_moon, uniq_duvessa
D:6:      layout_gridville, overflow_temple_1_default, gup_sewer_entry_bowl,
          minmay_microvault, uniq_blork_the_orc, uniq_edmund
D:7:      layout_gridville, old_standard_altar, nicolae_tso_carved_into_rock,
          serial_undead, serial_undead_f, serial_undead_b, serial_undead_f,
          serial_undead_a, serial_undead_b, serial_undead_a
D:8:      layout_gridville, grunt_temple_overflow_open, gammafunk_ghost_grave,
          uniq_grum
D:9:      layout_basic, enter_bailey_8, minmay_pinched_square, uniq_erolcha
D:10:     layout_basic, lair_entry_dummy, minivault_12, uniq_joseph
D:11:     layout_irregular_city, nicolae_trove_entry_diagonal, serial_shops,
          nicolae_shop_temple_entry_statues_fountains, serial_column_ruins,
          column_ruins_hut, column_ruins_hut_pillars, column_ruins_open_tiny,
          column_ruins_open_small, column_ruins_open_small_water
D:12:     layout_roguey, erik_orc_1, uniq_jorgrun
D:13:     layout_basic, serial_rivers, chequers_serial_rivers_micro_c,
          chequers_serial_rivers_room_b, chequers_serial_rivers_marsh,
          chequers_serial_rivers_micro_d, chequers_serial_rivers_micro_c,
          st_stairs_3
D:14:     layout_cave_pools, ximxim_vaults_locker_room,
          minmay_misc_feat_diagonals
D:15:     hangedman_depths_entry_civil_slaughter, layout_rooms, serial_shops,
          shop, corexii_leaking_fountain, minmay_sticks_and_stones
Temple:   eino_temple_lava
Lair:1:   layout_cave_pods, gammafunk_ghost_ooze, patterned_corridor
Lair:2:   layout_cave_pods, gammafunk_ghost_berserking_beasts,
          grunt_megastairs_2, lemuel_fruit_tree
Lair:3:   layout_gridlike, minmay_shoals_entry_beasts,
          minmay_snake_entry_guardpost_small, basic_altar, minmay_lindwurm_lava
Lair:4:   cheibrodos_magma_flow, layout_regular_city, grunt_megastairs_4,
          serial_bayou_shore_b
Lair:5:   layout_cave_pods
Lair:6:   gammafunk_lair_ancient_temple, layout_loops_ring,
          dpeg_slime_entry_corner
Shoals:1: layout_shoals, uniq_louise
Shoals:2: layout_shoals, serial_shops, shop, nicolae_shoals_aquamancer_cove
Shoals:3: layout_shoals, uniq_ilsuiw
Shoals:4: shoals_end_grunt_ice, layout_shoals, serial_shops, shop, uniq_donald,
          uniq_roxanne
Snake:1:  layout_onion, serial_shops, shop_fountains, basic_altar,
          minmay_shop_grid_forest, uniq_rupert
Snake:2:  layout_layer_cave, serial_shops, shop, shop, nicolae_shop_stone,
          nicolae_shop_competitors_out_of_business, basic_altar, uniq_asterion
Snake:3:  dpeg_oklob_gauntlet, layout_onion, serial_shops, shop,
          grunt_ministairs_1, nicolae_snake_round_shape_thing, uniq_vashnia,
          uniq_aizul, uniq_nikola
Snake:4:  grunt_snake_rune_pools, layout_onion_interference, basic_altar,
          hangedman_snake_thin_pillar_pass, uniq_bai_suzhen
Slime:1:  layout_caves
Slime:2:  layout_caves
Slime:3:  layout_caves
Orc:1:    layout_diamond_mine, portal_ice_cave_entry_pillars_1, mines2_david
Orc:2:    kennysheep_orc_mage_school, layout_caves

Skill      XL: |  1  2  3  4  5  6  7  8  9 10 11 12 13 14 15 16 17 18 19 |
---------------+----------------------------------------------------------+-----
Fighting       | 4 5 6 7 9 10 11 12 13 14 15 16 17 | 17.3
Axes           | 3 4 5 7 9 10 | 10.1
Shields        | 4 5 6 7 8 10 11 12 13 14 16 17 18 20 21 | 21.4
Armour         | 4 5 6 7 8 9 10 11 12 13 14 | 14.5
Dodging        | 1 2 |  2.3
Maces & Flails | 3 7 10 12 13 15 16 17 | 17.9
Invocations    | 2 3 5 6 7 9 10 11 | 11.6
Stealth        | 1 |  1.6

Action                   |  1- 3 |  4- 6 |  7- 9 | 10-12 | 13-15 | 16-18 | 19-21 || total
-------------------------+-------+-------+-------+-------+-------+-------+-------++-------
Melee: War axe           |    34 |   179 |   417 |       |       |       |       ||   630
       Flail             |       |       |    82 |   581 |  1072 |  1397 |   648 ||  3780
Invok: Heroism           |       |       |       |     7 |    18 |    40 |    23 ||    88
       Finesse           |       |       |       |     2 |    11 |    29 |     9 ||    51
  Use: Scroll            |       |     9 |     4 |    14 |    13 |    10 |    10 ||    60
       Potion            |       |       |     7 |     4 |     6 |     6 |     6 ||    29
 Stab: Petrifying        |       |       |       |       |     2 |       |       ||     2
Armor: Scale mail        |    23 |    53 |    13 |       |       |       |       ||    89
       Chain mail        |       |       |    35 |       |       |       |       ||    35
       Plate armour      |       |       |   127 |    23 |       |       |       ||   150
       Crystal plate arm |       |       |       |   156 |   335 |   420 |   329 ||  1240
Dodge: Dodged            |    14 |    47 |    90 |    86 |   180 |   266 |   150 ||   833
Block: Kite shield       |    29 |   149 |   406 |   398 |   881 |  1164 |       ||  3027
       Reflection        |       |     3 |     6 |    35 |    37 |   180 |    99 ||   360
       Tower shield      |       |       |       |       |       |    46 |   862 ||   908
